[Event "CZE-ch U16 Girls 2023"]
[Site "Teplice"]
[Date "2023.03.18"]
[Round "9.1"]
[White "Zelbova, Lada"]
[Black "Janouskova, Adela"]
[Result "1-0"]
[ECO "A82"]
[WhiteElo "1822"]
[BlackElo "1558"]
[Annotator "NA RC COMBH"]
[PlyCount "53"]
[EventDate "2023.03.09"]
[EventType "swiss"]
[EventCountry "CZE"]
[SourceTitle "playchess.com"]
[Source "ChessBase"]
[SourceQuality "1"]
[TimeControl "40/5400+30:1800+30"]

1. d4 f5 2. e4 e6 3. exf5 exf5 4. Nf3 Nf6 5. Bd3 d6 6. O-O Be7 7. Re1 O-O 8. d5 c6 (8... Ne4 $142) 9. Nc3 Kh8 10. Qe2 Re8 11. Ng5 Kg8 12. Ne6 Bxe6 13. Qxe6+ Kh8 14. Qxf5 g6 (14... Nbd7 {might work better.} 15. Bg5 Nf8) 15. Qh3 Rg8 16. Re6 Nbd7 17. Bf4 Qf8 18. Rae1 Re8 19. Bh6 Qf7 20. f4 Nc5 21. b4 Nxd3 22. cxd3 cxd5 23. Nb5 Bf8 24. Bxf8 Rgxf8 25. Nxd6 Qc7 26. Nxe8 Nxe8 27. Rxe8 $18 1-0

[Event "CZE-ch U16 Girls 2023"]
[Site "Teplice"]
[Date "2023.03.18"]
[Round "9.2"]
[White "Havelkova, Beata"]
[Black "Sikorova, Jana"]
[Result "1-0"]
[ECO "B22"]
[WhiteElo "1670"]
[BlackElo "1735"]
[Annotator "NA RC COMBH"]
[PlyCount "95"]
[EventDate "2023.03.09"]
[EventType "swiss"]
[EventCountry "CZE"]
[SourceTitle "playchess.com"]
[Source "ChessBase"]
[SourceQuality "1"]
[TimeControl "40/5400+30:1800+30"]

1. e4 c5 2. c3 d5 3. exd5 Qxd5 4. d4 e6 5. Nf3 Nf6 6. Be3 cxd4 7. cxd4 Nc6 8. Nc3 Qd6 9. a3 Be7 10. Bd3 O-O 11. O-O b6 12. Qe2 Bb7 13. Rad1 Rfd8 14. Rfe1 Rac8 15. Bg5 Qb8 16. Bb1 Nd5 17. Qe4 g6 18. Qh4 Nxc3 19. bxc3 Qc7 20. d5 Rxd5 21. Rxd5 exd5 22. Bxe7 Nxe7 23. Qxe7 Qxe7 24. Rxe7 Rxc3 25. h3 Bc6 26. Nd4 Rc1+ 27. Kh2 Rxb1 28. Nxc6 a5 29. Re3 Kf8 30. Kg3 Rc1 31. Ne5 Rc7 32. Kf4 f6 33. Ng4 Rc6 34. Rd3 Ke7 35. Ne3 Ke6 36. Nxd5 Rc4+ 37. Kf3 Rc6 38. Nf4+ Ke7 39. Ne2 Rc5 40. Nd4 f5 41. Rb3 Kd7 42. Kf4 Rc4 43. Ke3 Kd6 44. Rxb6+ Kc7 45. Rb3 Kd6 46. Kd3 Rc8 47. Rb6+ Kc7 48. Rc6+ 1-0

[Event "CZE-ch U16 Girls 2023"]
[Site "Teplice"]
[Date "2023.03.18"]
[Round "9.3"]
[White "Cinkova, Vicky"]
[Black "Dudkova, Josefina"]
[Result "0-1"]
[ECO "E01"]
[WhiteElo "1285"]
[BlackElo "1519"]
[Annotator "NA RC COMBH"]
[PlyCount "58"]
[EventDate "2023.03.09"]
[EventType "swiss"]
[EventCountry "CZE"]
[SourceTitle "playchess.com"]
[Source "ChessBase"]
[SourceQuality "1"]
[TimeControl "40/5400+30:1800+30"]

1. d4 Nf6 2. c4 e6 3. g3 d5 4. Bg2 c6 5. c5 Be7 6. Nf3 O-O 7. O-O b6 8. b4 a5 9. bxa5 Rxa5 10. Bd2 Ra8 11. cxb6 Qxb6 12. Nc3 Nbd7 13. Qc2 Ba6 14. Rfb1 Qa7 15. Bf4 c5 16. dxc5 Bxc5 17. Nd1 Rfc8 18. Qb2 Ne4 19. Be3 Rab8 20. Bxc5 Qxc5 21. Qd4 Bxe2 22. a4 Rxb1 23. Rxb1 Qc2 24. Ra1 Bxd1 25. Rxd1 Rc4 26. Qd3 Qxf2+ 27. Kh1 Rc2 28. Bh3 Qc5 29. Qd4 Nf2+ 0-1

[Event "CZE-ch U16 Girls 2023"]
[Site "Teplice"]
[Date "2023.03.18"]
[Round "9.4"]
[White "Dobsa, Emma"]
[Black "Vacekova, Anita"]
[Result "1/2-1/2"]
[ECO "C50"]
[WhiteElo "1449"]
[BlackElo "1350"]
[Annotator "NA RC COMBH"]
[PlyCount "96"]
[EventDate "2023.03.09"]
[EventType "swiss"]
[EventCountry "CZE"]
[SourceTitle "playchess.com"]
[Source "ChessBase"]
[SourceQuality "1"]
[TimeControl "40/5400+30:1800+30"]

1. e4 e5 2. Nf3 Nc6 3. Bc4 Nf6 4. d3 Bc5 5. c3 d6 6. Nbd2 O-O 7. O-O a6 8. Bb3 Ba7 9. Re1 Ng4 10. Re2 Kh8 11. h3 Nf6 12. Nf1 Nh5 13. d4 Qf6 14. d5 Na5 15. Be3 Nf4 16. Re1 Nxb3 17. axb3 g5 18. N1h2 Rg8 19. Ng4 Qg6 20. Bxa7 Rxa7 21. Ngxe5 dxe5 22. Nxe5 Qb6 23. Nxf7+ Kg7 24. Nxg5 h6 25. Ne6+ Bxe6 26. dxe6 Kh7 27. Qf3 Nxe6 28. Qf5+ Rg6 29. Rad1 Qc6 30. h4 Ng7 31. Rd7 Qf6 32. Qxf6 Rxf6 33. Rxc7 Kg6 34. Re3 Nh5 35. g4 Nf4 36. h5+ Kg5 37. Rg7+ Kh4 38. Kh2 Ra8 39. Re1 Nd3 40. Rh1 Nxf2 41. e5 Rf4 42. Re1 Re8 43. Rg6 Nxg4+ 44. Kg2 Kxh5 45. Rg7 Nxe5 46. Kg3 Rf3+ 47. Kg2 Rf2+ 48. Kg3 Rf3+ 1/2-1/2

[Event "CZE-ch U16 Girls 2023"]
[Site "Teplice"]
[Date "2023.03.18"]
[Round "9.5"]
[White "Dominikova, Denisa"]
[Black "Kavanova, Anezka"]
[Result "1/2-1/2"]
[ECO "B70"]
[WhiteElo "1301"]
[BlackElo "1384"]
[Annotator "NA RC COMBH"]
[PlyCount "90"]
[EventDate "2023.03.09"]
[EventType "swiss"]
[EventCountry "CZE"]
[SourceTitle "playchess.com"]
[Source "ChessBase"]
[SourceQuality "1"]
[TimeControl "40/5400+30:1800+30"]

1. e4 c5 2. Nf3 d6 3. d4 cxd4 4. Nxd4 Nf6 5. Nc3 g6 6. Bc4 Bg7 7. O-O O-O 8. h3 Nc6 9. Be3 Bd7 10. Bb3 Rc8 11. Re1 Na5 12. Qe2 a6 13. a4 Nxb3 14. Nxb3 Be6 15. Nd2 d5 16. exd5 Nxd5 17. Nxd5 Bxd5 18. c3 Be6 19. a5 Be5 20. Bh6 Bg7 21. Bxg7 Kxg7 22. Qe5+ Kg8 23. Nf3 Re8 24. Ng5 Bb3 25. Qf4 Rc5 26. Qh4 h5 27. Ne4 Rc8 28. Qg5 Qd5 29. Qh6 Qe5 30. Re3 Qg7 31. Qf4 f5 32. Ng5 e5 33. Qb4 Bc4 34. Rae1 Qf6 35. Nf3 e4 36. Nd2 Bd5 37. c4 Bc6 38. f3 Qg5 39. fxe4 f4 40. Rf3 Rcd8 41. Qc3 Re5 42. Re2 Rxa5 43. Ref2 Rf8 44. b3 Re5 45. h4 Qe7 1/2-1/2

[Event "CZE-ch U16 Girls 2023"]
[Site "Teplice"]
[Date "2023.03.18"]
[Round "9.6"]
[White "Reznickova, Sibyla"]
[Black "Hrbkova, Johana"]
[Result "0-1"]
[ECO "C48"]
[WhiteElo "1386"]
[BlackElo "1254"]
[Annotator "NA RC COMBH"]
[PlyCount "58"]
[EventDate "2023.03.09"]
[EventType "swiss"]
[EventCountry "CZE"]
[SourceTitle "playchess.com"]
[Source "ChessBase"]
[SourceQuality "1"]
[TimeControl "40/5400+30:1800+30"]

1. e4 e5 2. Nc3 Nf6 3. Nf3 Nc6 4. Bb5 d6 5. d3 Be7 6. O-O O-O 7. Bg5 Bg4 8. Bxc6 bxc6 9. Re1 Nd7 10. Bxe7 Qxe7 11. Re3 f5 12. d4 fxe4 13. Nxe4 d5 14. Ng3 e4 15. h3 Bxf3 16. gxf3 Qf6 17. Nh5 Qh4 18. f4 g6 19. Ng3 Rxf4 20. Kg2 Raf8 21. Qe2 Rf3 22. Rf1 c5 23. c3 cxd4 24. cxd4 c5 25. Qd2 c4 26. b3 cxb3 27. axb3 Nf6 28. Rxf3 exf3+ 29. Kh2 Ng4+ 0-1

[Event "CZE-ch U16 Girls 2023"]
[Site "Teplice"]
[Date "2023.03.18"]
[Round "9.7"]
[White "Stavova, Marketa"]
[Black "Hetfleischova, Elen"]
[Result "0-1"]
[ECO "B30"]
[WhiteElo "1284"]
[BlackElo "1623"]
[Annotator "NA RC COMBH"]
[PlyCount "82"]
[EventDate "2023.03.09"]
[EventType "swiss"]
[EventCountry "CZE"]
[SourceTitle "playchess.com"]
[Source "ChessBase"]
[SourceQuality "1"]
[TimeControl "40/5400+30:1800+30"]

1. e4 c5 2. Nf3 Nc6 3. Bb5 a6 4. Bxc6 bxc6 5. O-O d5 6. e5 g6 7. c3 d4 8. cxd4 cxd4 9. Qa4 Bb7 10. Nxd4 Rc8 11. Nc3 Bg7 12. Re1 e6 13. Nf3 Ne7 14. Qg4 c5 15. Rd1 Qd3 16. Re1 Nf5 17. Ne4 h5 18. Qf4 Bh6 19. Nfg5 O-O 20. Qf3 Qb5 21. Nf6+ Kg7 22. Nge4 Nd4 23. Qd1 Rcd8 24. Nd6 Rxd6 25. Nxh5+ gxh5 26. exd6 Qc6 27. f3 Kh7 28. d3 Rg8 29. Rf1 Bf8 30. Kh1 Bxd6 31. Qd2 Bf8 32. Qf4 Nf5 33. Qe5 Bd6 34. Qf6 Qc7 35. g3 Rg6 36. Qc3 Bxg3 37. Qd2 Be5 38. Qf2 Bd4 39. Qe2 Nh4 40. Be3 Bxe3 41. Qxe3 Rg2 0-1

[Event "CZE-ch U16 Girls 2023"]
[Site "Teplice"]
[Date "2023.03.18"]
[Round "9.8"]
[White "Andilova, Klara"]
[Black "Vavrinkova, Marie"]
[Result "0-1"]
[ECO "B07"]
[WhiteElo "1104"]
[BlackElo "1457"]
[Annotator "NA RC COMBH"]
[PlyCount "66"]
[EventDate "2023.03.09"]
[EventType "swiss"]
[EventCountry "CZE"]
[SourceTitle "playchess.com"]
[Source "ChessBase"]
[SourceQuality "1"]
[TimeControl "40/5400+30:1800+30"]

1. e4 d6 2. d4 Nf6 3. Nc3 g6 4. g3 Bg7 5. Bg2 O-O 6. Nge2 e5 7. O-O Nh5 8. f4 Bg4 9. Qd3 Nc6 10. Be3 Qd7 11. Rf2 Nf6 12. a3 Bh3 13. dxe5 dxe5 14. Qxd7 Bxd7 15. h3 Rfe8 16. f5 Na5 17. b3 b6 18. g4 h6 19. Bf3 c5 20. h4 Nh7 21. Rh2 Nc6 22. Nd5 Rac8 23. Ng3 Nd4 24. Bd1 c4 25. Rb1 Bc6 26. Nc3 cxb3 27. cxb3 Bb7 28. Rc1 Bf8 29. b4 a5 30. Rb2 Rc4 31. Kf2 axb4 32. axb4 Bxb4 33. Bd2 Ba3 0-1

[Event "CZE-ch U16 Girls 2023"]
[Site "Teplice"]
[Date "2023.03.18"]
[Round "9.9"]
[White "Barteckova, Denisa"]
[Black "Archlebova, Stela"]
[Result "1/2-1/2"]
[ECO "C55"]
[WhiteElo "1417"]
[BlackElo "1360"]
[Annotator "NA RC COMBH"]
[PlyCount "99"]
[EventDate "2023.03.09"]
[EventType "swiss"]
[EventCountry "CZE"]
[SourceTitle "playchess.com"]
[Source "ChessBase"]
[SourceQuality "1"]
[TimeControl "40/5400+30:1800+30"]

1. e4 e5 2. Nf3 Nc6 3. Bc4 Nf6 4. d3 d6 5. h3 Be7 6. c3 Na5 7. Bb5+ c6 8. Ba4 b5 9. Bc2 Qc7 10. a4 bxa4 11. Rxa4 Bd7 12. Ra1 Nb7 13. Be3 Nd8 14. Nbd2 O-O 15. O-O Ne6 16. Ra2 a6 17. Nc4 Rfb8 18. Qa1 Nh5 19. Rxa6 Rxa6 20. Qxa6 Bc8 21. Qa2 Nef4 22. Kh2 Kh8 23. g4 Nf6 24. Bxf4 exf4 25. e5 dxe5 26. Ncxe5 Be6 27. Nxf7+ Bxf7 28. Qxf7 Rf8 29. Qe6 Bd6 30. Re1 Qb6 31. d4 c5 32. Ne5 Qc7 33. f3 cxd4 34. g5 Ng8 35. g6 Bxe5 36. Rxe5 h6 37. Bb3 Qb8 38. cxd4 Qb4 39. Qc4 Qb7 40. Kg2 Qb6 41. Re6 Qd8 42. d5 Qh4 43. Qc3 Qg3+ 44. Kf1 Qxh3+ 45. Ke1 Qg3+ 46. Kd2 Qf2+ 47. Re2 Qg3 48. d6 Qxg6 49. Bxg8 Qxd6+ 50. Qd3 1/2-1/2

[Event "CZE-ch U16 Girls 2023"]
[Site "Teplice"]
[Date "2023.03.18"]
[Round "9.11"]
[White "Macova, Marketa"]
[Black "Mullerova, Karina Nela"]
[Result "0-1"]
[ECO "A84"]
[WhiteElo "1195"]
[BlackElo "1283"]
[Annotator "NA RC COMBH"]
[PlyCount "84"]
[EventDate "2023.03.09"]
[EventType "swiss"]
[EventCountry "CZE"]
[SourceTitle "playchess.com"]
[Source "ChessBase"]
[SourceQuality "1"]
[TimeControl "40/5400+30:1800+30"]

1. d4 e6 2. c4 f5 3. Nc3 d5 4. Nf3 Nf6 5. Bg5 Be7 6. e3 O-O 7. Be2 b6 8. O-O Bb7 9. Rc1 Ne4 10. Bxe7 Qxe7 11. Qb3 c6 12. cxd5 cxd5 13. Nb5 Nc6 14. Rc2 a6 15. Nc3 b5 16. Nxe4 fxe4 17. Nd2 Rac8 18. a4 Na5 19. Rxc8 Nxb3 20. Rxf8+ Kxf8 21. Nxb3 Qb4 22. Nc5 Bc8 23. b3 bxa4 24. bxa4 Ke7 25. Ra1 a5 26. Bb5 Kd6 27. Rc1 Qb2 28. Nxe4+ dxe4 29. Rc6+ Ke7 30. Rxc8 Qa1+ 31. Bf1 Qxa4 32. Rc7+ Kf6 33. Rc5 Qb4 34. h3 a4 35. Rc4 Qb3 36. Rc1 Qb2 37. Re1 a3 38. Bc4 Qc3 39. Rf1 Qxc4 40. Ra1 Qb3 41. Kh2 a2 42. Rxa2 Qxa2 0-1

[Event "CZE-ch U16 Girls 2023"]
[Site "Teplice"]
[Date "2023.03.18"]
[Round "9.12"]
[White "Foldynova, Julie"]
[Black "Souralova, Jana"]
[Result "1/2-1/2"]
[ECO "C24"]
[WhiteElo "1100"]
[BlackElo "1187"]
[Annotator "NA RC COMBH"]
[PlyCount "72"]
[EventDate "2023.03.09"]
[EventType "swiss"]
[EventCountry "CZE"]
[SourceTitle "playchess.com"]
[Source "ChessBase"]
[SourceQuality "1"]
[TimeControl "40/5400+30:1800+30"]

1. e4 e5 2. Bc4 Nf6 3. d3 Nc6 4. c3 d6 5. Nf3 Bg4 6. h3 Bxf3 7. Qxf3 Be7 8. Be3 Qd7 9. Nd2 O-O-O 10. Bxf7 Rdf8 11. Bb3 h6 12. Qe2 Nh7 13. Ba4 Rf6 14. b4 Rhf8 15. b5 Nd8 16. Nc4 b6 17. Rb1 Ne6 18. Nd2 Rg6 19. g3 Bg5 20. h4 Bxe3 21. Qxe3 Rgf6 22. Bb3 g5 23. a4 g4 24. a5 Nc5 25. Bd5 Nb7 26. axb6 axb6 27. c4 Na5 28. Nb3 Nxb3 29. Rxb3 Qg7 30. Ra3 Rf3 31. Qe2 Kd8 32. Ra8+ Ke7 33. Ra7 Kf6 34. Rf1 Qe7 35. Qd2 Kg7 36. d4 Nf6 1/2-1/2